 Dungeon Crawl Stone Soup version 0.30-a0-738-g116ff8c4af (webtiles) character file.

Game seed: 2900441686363050737

688 mopl the Trooper (level 7, -1/55 HPs)
             Began as a Mummy Fighter on Feb 3, 2023.
             Slain by a gnoll
             ... wielding a +0 spear
             ... led by a gnoll bouda
              (5 damage)
             ... on level 4 of the Dungeon.
             The game lasted 00:05:13 (3175 turns).

mopl the Trooper (Mummy Fighter)                    Turns: 3175, Time: 00:05:13

Health: -1/55      AC:  8    Str: 19    XL:     7   Next: 36%
Magic:  7/7        EV: 10    Int:  8    God:
Gold:   136        SH:  4    Dex: 13    Spells: 6/6 levels left

rFire   x . .      SeeInvis .    i - +2 flail (drain)
rCold   + . .      Faith    +    b - +0 buckler
rNeg    + + +      Spirit   .    a - +0 scale mail
rPois   ∞          Reflect  .    (no helmet)
rElec   .          Harm     .    m - scarf {+Inv}
rCorr   .          Rampage  .    (no gloves)
Will    .....                    g - +0 pair of boots Stlth
                                 (no amulet)
HPRegen 0.29/turn                (no ring)
MPRegen 0.10/turn                (no ring)

@: no status effects
A: cold resistance 1, negative energy resistance 3, torment resistance 2, heat
vulnerability 1, in touch with death 1, no potions, faith
a: Evoke Invisibility


You were on level 4 of the Dungeon.
You visited 1 branch of the dungeon, and saw 4 of its levels.
You also visited: Ossuary.

You collected 136 gold pieces.

Inventory:

Hand Weapons
 i - a +2 flail of draining (weapon)
Missiles
 c - 3 boomerangs (quivered)
 o - 4 poisoned darts
Armour
 a - a +0 scale mail (worn)
 b - a +0 buckler (worn)
 g - a +0 pair of boots (worn)
 m - a scarf of invisibility (worn)
Wands
 d - a wand of polymorph (15)
 l - a wand of roots (14)
 n - a wand of digging (5)
 r - a wand of flame (11)
Scrolls
 e - a scroll of immolation {unknown}
 f - a scroll of poison {unknown}
 h - 2 scrolls of teleportation {unknown}
 j - a scroll of fear {unknown}
 k - a scroll of identify {unknown}
 p - 2 scrolls of amnesia {unknown}
 q - 2 scrolls of vulnerability {unknown}


   Skills:
 + Level 4.4 Fighting
 + Level 1.8 Throwing
 + Level 3.7 Armour
 + Level 2.0 Dodging
 - Level 2.4 Shields
 * Level 4.1 Unarmed Combat
 + Level 1.8 Evocations


You had 6 spell levels left.
You didn't know any spells.
Your spell library contained the following spells:

 Spells                   Type           Power      Damage    Failure   Level
 Shock                    Conj/Air       0%         1d3       86%         1
 Cigotuvi's Dreadful Rot  Necr/Pois/Air  0%         N/A       95%         2
 Static Discharge         Conj/Air       0%         2-2/arc   95%         2
 Swiftness                Air            0%         N/A       99%         3
 Tukima's Dance           Hex            0%         N/A       99%         3
 Airstrike                Air            0%         2d(0-16)  100%        4
 Passage of Golubria      Tloc           0%         N/A       100%        4
 Summon Lightning Spire   Summ/Air       0%         N/A       100%        4
 Lightning Bolt           Conj/Air       0%         1d11      100%        5
 Yara's Violent Unravell  Hex/Tmut       0%         3d3       100%        5


Dungeon Overview and Level Annotations

Branches:
Dungeon (4/15)            Ossuary (visited)
 Temple: D:4-7

Altars:

Shops:
D:3 :

Annotations:
D:2 dig
D:4 Robin


Innate Abilities, Weirdness & Mutations

You are immune to poison.
Your flesh is cold resistant. (rC+)
You are immune to negative energy. (rN+++)
You are immune to unholy pain and torment.
You are vulnerable to heat. (rF-)
You are in touch with the powers of death.
You do not drink.
You have a special connection with the divine. (Faith)


Message History

You barely miss the gnoll bouda.
The gnoll bouda is severely wounded.
The gnoll closely misses you.
The gnoll hits you from afar with a +0 spear.
The gnoll bouda completely misses you.
Unknown command.
You hit the gnoll bouda. You drain the gnoll bouda.
You kill the gnoll bouda!
The gnoll hits you but does no damage. The gnoll closely misses you.
You block the gnoll's attack.
The gnoll hits you from afar with a +0 spear.
Your Dodging skill increases to level 2!
Unknown command.
The gnoll hits you with a +0 spear of flaming.
The gnoll burns you. The gnoll hits you with a +0 spear.
You barely miss the gnoll.
Your attacks no longer feel as feeble.
The gnoll hits you with a +0 spear of flaming.
The gnoll burns you. The gnoll hits you with a +0 spear.
You barely miss the gnoll.
The gnoll is no longer moving quickly.
The gnoll barely misses you. The gnoll hits you with a +0 spear.
* * * LOW HITPOINT WARNING * * *
The gnoll hits you with a +0 spear of flaming.
* * * LOW HITPOINT WARNING * * *
The gnoll burns you.
* * * LOW HITPOINT WARNING * * *
You completely miss the gnoll.
The gnoll is no longer moving quickly.
The gnoll closely misses you. x2; The gnoll hits you but does no damage.
Aiming: Fastroot
Press: ? - help, Shift-Dir - straight line, f/p - gnoll
Aim: a gnoll, wielding a +0 spear (heavily wounded)
The roots erupt in riotous growth!
Roots grab the gnoll. x2
The grasping roots constrict the gnoll. x2
The gnoll hits you with a +0 spear of flaming.
* * * LOW HITPOINT WARNING * * *
The gnoll burns you.
* * * LOW HITPOINT WARNING * * *
The gnoll hits you with a +0 spear.
You die... #..#....##............. ...#...#####g..........

You could see 2 gnolls.

Vanquished Creatures
  Sigmund (D:4)
  An elf zombie (Ossuary)
  A scorpion (D:4)
  2 centaur zombies (Ossuary)
  A human zombie (Ossuary)
  A jelly (D:4)
  A gnoll bouda (D:4)
  A hound (D:4)
  3 mummies
  A gnoll (D:4)
  5 adders
  2 adder zombies (Ossuary)
  A worm (D:4)
  A dart slug (D:3)
  9 orcs
  10 ball pythons
  6 endoplasms
  2 giant cockroaches
  5 goblins
  6 hobgoblins
  10 jackals
  A quokka (D:1)
  9 bats
  2 frilled lizards (D:1)
  12 hobgoblin zombies (Ossuary)
  3 jackal zombies (Ossuary)
  13 kobolds
  7 kobold zombies (Ossuary)
  7 orc zombies (Ossuary)
  4 rats
  A rat zombie (Ossuary)
129 creatures vanquished.

Notes
Turn   | Place    | Note
-------+----------+-------------------------------------------
     0 | D:1      | mopl the Mummy Fighter began the quest for the Orb.
     0 | D:1      | Reached XP level 1. HP: 18/18 MP: 1/1
   142 | D:1      | Reached skill level 2 in Unarmed Combat
   142 | D:1      | Reached XP level 2. HP: 24/24 MP: 2/2
   718 | D:2      | Gained mutation: You are in touch with the powers of death.
                  | [Mummy growth]
   718 | D:2      | Reached XP level 3. HP: 29/29 MP: 3/3
  1005 | D:2      | Reached XP level 4. HP: 35/35 MP: 4/4
  1033 | D:2      | Got Umusmoip's Tractate on the Zephyr
  1485 | D:3      | Found Secuoss's Vocational Training.
  1649 | D:3      | Reached skill level 3 in Armour
  2515 | D:4      | Noticed Sigmund
  2515 | D:4      | Noticed Robin
  2635 | D:4      | Killed Sigmund
  2636 | D:4      | Reached skill level 1 in Throwing
  2636 | D:4      | Reached skill level 1 in Dodging
  2636 | D:4      | Reached skill level 3 in Unarmed Combat
  2636 | D:4      | Reached skill level 1 in Evocations
  2636 | D:4      | Reached XP level 5. HP: 25/42 MP: 5/5
  2636 | D:4      | Reached XP level 6. HP: 28/48 MP: 6/6
  2639 | D:4      | Reached skill level 4 in Fighting
  2715 | D:4      | Found a sand-covered staircase.
  2721 | Ossuary  | Entered an ossuary
  2867 | Ossuary  | HP: 2/48 [adder zombie (2)]
  2948 | Ossuary  | Reached XP level 7. HP: 20/54 MP: 7/7
  2976 | Ossuary  | Reached skill level 4 in Unarmed Combat
  3171 | D:4      | Reached skill level 2 in Dodging
  3175 | D:4      | Slain by a gnoll

Illustrated notes

Levels and vault maps discovered:
D:1:      dpeg_arrival_short_road, layout_loops_ring
D:2:      layout_basic, serial_glass, glass_columns_a, glass_columns_a,
          glass_columns_a, glass_columns_b, glass_columns_a, glass_columns_b,
          due_unseen_surprise, item_on_display_a, feat_on_display,
          hangedman_feature_mirror
D:3:      layout_loops_corners, nicolae_shop_vocational
D:4:      layout_cave_pools, gup_ossuary_entry_pyramid, uniq_sigmund, uniq_robin

Skill      XL: |  1  2  3  4  5  6  7 |
---------------+----------------------+-----
Unarmed Combat | 2 3 4 |  4.1
Armour         | 3 |  3.7
Throwing       | 1 |  1.8
Dodging        | 1 2 |  2.0
Evocations     | 1 |  1.8
Fighting       | 4 |  4.4
Shields        | |  2.4

Action                     |  1- 3 |  4- 6 |  7- 9 || total
---------------------------+-------+-------+-------++-------
  Melee: Unarmed           |   162 |    80 |       ||   242
         Flail             |       |   170 |    40 ||   210
  Evoke: Wand              |       |     3 |     3 ||     6
 Armour: Scale mail        |    76 |   194 |    17 ||   287
  Dodge: Dodged            |    75 |   163 |    16 ||   254
  Block: Buckler           |    40 |    86 |     9 ||   135

Table legend: (Time is in decaauts)
 A = Elapsed time spent in this place.
 B = Non-inter-level travel time spent in this place.
 C = Inter-level travel time spent in this place.
 D = Time resting spent in this place.
 E = Time spent auto-exploring this place.
 F = Levels seen in this place.
 G = Mean time per level.
                   A        B        C        D        E       F      G
               +--------+--------+--------+--------+--------+-----+--------+
         Total |   3265 |   3176 |     89 |    309 |   1825 |   5 |  653.0 |
       Dungeon |   2766 |   2677 |     89 |    196 |   1757 |   4 |  691.5 |
       Ossuary |    499 |    499 |      0 |    113 |     68 |   1 |  499.0 |
               +--------+--------+--------+--------+--------+-----+--------+

Top non-repeatable levels by time:
     D:3: 1067 daAuts
     D:2: 777 daAuts
     D:1: 708 daAuts
 Ossuary: 499 daAuts
     D:4: 213 daAuts
